 Dungeon Crawl Stone Soup version 0.28-a0-1389-gc726bef33b (webtiles) character file.

Game seed: 13772169584260261837

13791 vineage the Warrior (level 11, 0/102 HPs)
             Began as a Minotaur Fighter on Jan 3, 2022.
             Was a High Priest of Okawaru.
             Slain by a wyvern (12 damage)
             ... on level 9 of the Dungeon.
             The game lasted 00:11:30 (12572 turns).

vineage the Warrior (Minotaur Fighter)             Turns: 12572, Time: 00:11:30

Health: 0/102      AC: 14    Str: 33    XL:     11   Next: 80%
Magic:  9/10       EV: 11    Int:  5    God:    Okawaru [*****.]
Gold:   1781       SH:  7    Dex: 20    Spells: 10/10 levels left

rFire   + . .      SeeInvis .   v - +5 war axe of Zymual {flame, rPois Dex+6}
rCold   x . .      Faith    .   c - +0 buckler
rNeg    . . .      Spirit   .   g - quicksilver dragon scales
rPois   +          Reflect  .   (helmet restricted)
rElec   .          Harm     .   (no cloak)
rCorr   .          Rampage  .   (no gloves)
Will    ++++.      Clarity  +   i - -1 pair of boots of the Devil's Team {rF+ rC- Will+++}
Stlth   +.........              (no amulet)
HPRegen 0.27/turn               b - +6 ring of strength
MPRegen 0.12/turn               m - +6 ring of strength

@: flying
A: horns 2, retaliatory headbutt, clarity, frail 1, shaggy fur 1, sturdy frame 1
a: Renounce Religion, Heroism, Finesse, Duel


You were on level 9 of the Dungeon.
You worshipped Okawaru.
Okawaru was extremely pleased with you.
You visited 2 branches of the dungeon, and saw 10 of its levels.

You collected 1781 gold pieces.

Inventory:

Hand Weapons
 a - a +0 flail of chaos
 v - the +5 war axe of Zymual (weapon) {flame, rPois Dex+6}
   (You took it off a wight on level 8 of the Dungeon)

   It burns those it strikes, dealing additional fire damage.
   Big, fiery blades are also staple armaments of hydra-hunters.
   Dex:       It affects your dexterity (+6).
   rPois:     It protects you from poison.
Armour
 c - a +0 buckler (worn)
 g - quicksilver dragon scales (worn)
 i - the -1 pair of boots of the Devil's Team (worn) {rF+ rC- Will+++}
   (You found it on level 2 of the Dungeon)

   rF:        It protects you from fire.
   rC:        It makes you vulnerable to cold.
   Will:      It greatly increases your willpower.
Jewellery
 b - a +6 ring of strength (left hand)
 m - a +6 ring of strength (right hand)
 x - a ring of wizardry
 y - a ring of fire
Wands
 n - a wand of digging (4)
 r - a wand of polymorph (12)
 s - a wand of iceblast (17)
 u - a wand of flame (14)
Scrolls
 d - a scroll of brand weapon
 h - a scroll of silence
 k - 4 scrolls of magic mapping
 t - a scroll of blinking
 w - a scroll of teleportation
Potions
 e - a potion of might
 f - a potion of flight
 j - a potion of curing
 l - a potion of lignification
 o - a potion of attraction
 p - a potion of magic
 q - a potion of cancellation


   Skills:
 - Level 15.7 Fighting
 - Level 11.3 Maces & Flails
 * Level 9.9 Armour
 * Level 9.8 Shields


You had 10 spell levels left.
You didn't know any spells.
Your spell library contained the following spells:

 Spells                   Type           Power      Damage    Failure   Level
 Magic Dart               Conj           0%         1d3       52%         1
 Blink                    Tloc           0%         N/A       65%         2
 Ensorcelled Hibernation  Hex/Ice        0%         N/A       65%         2
 Searing Ray              Conj           0%         2d4       65%         2
 Gell's Gravitas          Tloc           0%         N/A       87%         3
 Lesser Beckoning         Tloc           0%         N/A       87%         3
 Spider Form              Tmut/Pois      0%         N/A       87%         3
 Teleport Other           Tloc           0%         N/A       87%         3
 Fulminant Prism          Conj/Hex       0%         3d6       99%         4
 Manifold Assault         Tloc           0%         N/A       100%        5
 Dispersal                Tloc           0%         N/A       100%        6


Dungeon Overview and Level Annotations

Branches:
Dungeon (9/15)             Temple (1/1) D:4            Lair (0/6) D:8
    Orc (0/2) D:9

Altars:
Ashenzari
Cheibriados
Dithmenos
Fedhas
Gozag
Hepliaklqana
Kikubaaqudgha
Nemelex Xobeh
Okawaru
Ru
Sif Muna
Trog
Uskayaw
Vehumet
Wu Jian
Xom
Yredelemnul


Innate Abilities, Weirdness & Mutations

You have a pair of horns on your head.
You reflexively headbutt those who attack you in melee.
You possess an exceptional clarity of mind.
You are frail. (-10% HP)
You are covered in fur. (AC +1)
Your movements are slightly less encumbered by armour. (ER -2)


Message History

The wyvern bites you but does no damage.
The wyvern bites you!
* * * LOW HITPOINT WARNING * * *
You hit the wyvern. You burn the wyvern.
The wyvern is lightly wounded.
The wyvern bites you but does no damage.
You hit the wyvern. You burn the wyvern.
The wyvern is moderately wounded.
The wyvern bites you!
* * * LOW HITPOINT WARNING * * *
You feel better. The wyvern bites you.
* * * LOW HITPOINT WARNING * * *
The wyvern misses you.
You feel better. The wyvern closely misses you. You furiously retaliate!
You headbutt the wyvern!
The wyvern hisses menacingly.
You feel very buoyant.
You fly up into the air.
The wyvern barely misses you. The wyvern completely misses you.
You furiously retaliate!
You headbutt the wyvern!!
You kill the wyvern!
Okawaru accepts your kill. You block the black bear's attack. x2
The black bear claws you but does no damage.
Items here: †††††.
You slice the black bear!! You burn the black bear!
You kill the black bear!
Okawaru accepts your kill.
You slash the wyvern! You burn the wyvern. You headbutt the wyvern!
The wyvern is almost dead.
The wyvern bites you but does no damage.
The wyvern bites you.
* * * LOW HITPOINT WARNING * * *
You closely miss the wyvern.
The wyvern is almost dead.
You feel like a meek peon again. The wyvern bites you!
* * * LOW HITPOINT WARNING * * *
You feel better. The wyvern bites you!
You die...

########.# #...#........## ##.
.......l## ##.....>......### #.
.......YY######......##.....####.
.......l.Hh..#..<..###..###......
#''hh###h##..Y.........## ###....
...h.Yh#####..##..#....### #....
....hll# ##.###Y.###....####.###
.....lY# #..# #l## #........## #
.....h.# ##.## #@# ##.......#
.......# #.## #.# ##.......###
##########.# #.####...#......##
....## ##.## #..##....###..##..
.....###..######.....#..###.####.
..........##.....#..###..##.# #.
....#####....##.....####..#.# #.
...## #..#####............## #.
...# #[.# #...#.........###.


You could see a yak and a wyvern.

Vanquished Creatures
  A death yak (D:9)
  Pikel (D:9)
  A manticore (D:9)
  2 trolls
  A polar bear (D:9)
  A shadow (D:9)
  3 wyverns
  A hog (D:9)
  41 yaks
  Eustachio (D:6)
  A steam dragon (D:7)
  3 wargs
  An acid dragon (D:7)
  2 water moccasins
  2 sky beasts
  3 orc warriors
  4 black bears
  4 ogres
  2 necrophages
  The ghost of Yorgos the Chopper, an amateur DsBe of Trog (D:3)
  4 centaurs
  A lemure (D:9)
  3 bullfrogs
  2 kobold brigands
  A gnoll sergeant (D:6)
  A scorpion (D:5)
  5 killer bees (D:9)
  14 wights
  3 howler monkeys (D:8)
  5 hounds
  A jelly (D:3)
  2 centaur zombies (D:7)
  5 orc priests
  A gnoll shaman (D:6)
  A bullfrog skeleton (D:4)
  An iguana (D:5)
  11 orc wizards
  2 killer bee zombies (D:8)
  Robin (D:2)
  12 gnolls (D:6)
  7 adders
  A howler monkey skeleton (D:4)
  A shadow imp (D:7)
  2 white imps (D:7)
  A dart slug (D:1)
  35 orcs
  7 ball pythons
  6 endoplasms
  3 giant cockroaches
  13 goblins
  16 hobgoblins
  2 jackals (D:1)
  14 kobolds
  3 quokkas
  4 bats
  3 frilled lizards
  5 rats
275 creatures vanquished.

Vanquished Creatures (others)
  38 plants (D:6)
38 creatures vanquished.

Grand Total: 313 creatures vanquished

Notes
Turn   | Place    | Note
-------+----------+-------------------------------------------
     0 | D:1      | vineage the Minotaur Fighter began the quest for the Orb.
     0 | D:1      | Reached XP level 1. HP: 19/19 MP: 0/0
   144 | D:1      | Reached skill level 4 in Fighting
   279 | D:1      | Reached XP level 2. HP: 27/27 MP: 1/1
   670 | D:1      | Reached XP level 3. HP: 30/34 MP: 2/2
   886 | D:2      | Noticed Robin
   891 | D:2      | Reached skill level 5 in Fighting
   900 | D:2      | Killed Robin
   911 | D:2      | Reached XP level 4. HP: 27/42 MP: 3/3
  1088 | D:2      | Identified the -1 pair of boots of the Devil's Team {rF+
                  | rC- Will+++}
  1258 | D:2      | Found a faded altar of an unknown god.
  1523 | D:3      | Noticed a water moccasin
  1535 | D:3      | Killed a water moccasin
  1536 | D:3      | Reached skill level 6 in Fighting
  1536 | D:3      | Reached XP level 5. HP: 32/51 MP: 4/4
  1693 | D:3      | Noticed an ogre
  1697 | D:3      | Killed an ogre
  1698 | D:3      | Reached skill level 7 in Fighting
  1698 | D:3      | Reached XP level 6. HP: 60/60 MP: 5/5
  1791 | D:3      | Found a hide-covered altar of Uskayaw.
  1964 | D:3      | Found a runed translucent door.
  1969 | D:3      | Noticed Yorgos's ghost (amateur DsBe)
  2362 | D:3      | Killed Yorgos's ghost
  2363 | D:3      | Reached skill level 5 in Maces & Flails
  2445 | D:3      | Reached skill level 8 in Fighting
  2728 | D:4      | Reached XP level 7. HP: 60/68 MP: 6/6
  2902 | D:4      | Found a hazy altar of Hepliaklqana.
  3010 | D:4      | Reached skill level 9 in Fighting
  3249 | D:4      | Found a staircase to the Ecumenical Temple.
  3259 | Temple   | Entered the Ecumenical Temple
  3337 | Temple   | Became a worshipper of Warmaster Okawaru
  3397 | D:5      | Entered Level 5 of the Dungeon
  3599 | D:5      | Reached XP level 8. HP: 58/79 MP: 7/7
  4153 | D:5      | Reached skill level 10 in Fighting
  4648 | D:6      | Identified a scroll of acquirement
  4648 | D:6      | Acquired 1217 gold pieces
  4658 | D:6      | Noticed Eustachio
  4685 | D:6      | Killed Eustachio
  4685 | D:6      | Reached * piety under Okawaru
  4736 | D:6      | Reached skill level 11 in Fighting
  5000 | D:6      | Reached skill level 12 in Fighting
  5000 | D:6      | Reached XP level 9. HP: 70/90 MP: 8/8
  5643 | D:6      | Reached ** piety under Okawaru
  6640 | D:6      | Reached skill level 13 in Fighting
  7377 | D:7      | Reached *** piety under Okawaru
  7495 | D:7      | Reached skill level 14 in Fighting
  7495 | D:7      | Reached skill level 10 in Maces & Flails
  7513 | D:7      | Reached XP level 10. HP: 62/104 MP: 9/9
  7537 | D:7      | Reached **** piety under Okawaru
  7543 | D:7      | Reached skill level 15 in Fighting
  8328 | D:8      | Found a staircase to the Lair.
  8892 | D:8      | Identified the +5 war axe of Zymual {flame, rPois Dex+6}
  9264 | D:8      | Reached ***** piety under Okawaru
  9269 | D:8      | Reached skill level 5 in Armour
  9269 | D:8      | Reached skill level 5 in Shields
 10360 | D:8      | Gained mutation: You possess an exceptional clarity of
                  | mind. [potion of mutation]
 10360 | D:8      | Gained mutation: Your movements are slightly less
                  | encumbered by armour. (ER -2) [potion of mutation]
 10360 | D:8      | Gained mutation: You are frail. (-10% HP) [potion of
                  | mutation]
 10360 | D:8      | Gained mutation: You are covered in fur. (AC +1) [potion of
                  | mutation]
 10407 | D:9      | Reached XP level 11. HP: 91/99 MP: 10/10
 11151 | D:9      | Found a staircase to the Orcish Mines.
 11252 | D:9      | Noticed Pikel
 11257 | D:9      | Killed Pikel
 11317 | D:9      | Identified the +1 robe of Space {Slay+2 Stlth+} (Okawaru
                  | gifted it to you on level 9 of the Dungeon)
 11317 | D:9      | Received a gift from Okawaru
 11432 | D:9      | Found a snail-covered altar of Cheibriados.
 11675 | D:9      | Found a huge runed translucent gate.
 11675 | D:9      | Found a huge runed translucent gate.
 11675 | D:9      | Found a huge runed translucent gate.
 11675 | D:9      | Found a huge runed translucent gate.
 11677 | D:9      | Noticed a death yak
 12540 | D:9      | Killed a death yak
 12564 | D:9      | HP: 2/102 [wyvern (11)]
 12572 | D:9      | Slain by a wyvern

Illustrated notes

Levels and vault maps discovered:
D:1:      matt_arrival_los_fun, layout_rooms, patterned_corridor
D:2:      layout_rooms, shapermc_ecumenical_altar_mp_ritualfount, uniq_robin
D:3:      layout_loops_corners, marbit_many_paths, ebering_ghost_reflecting_pool
D:4:      layout_gridville, nicolae_hepliaklqana_hazy_memory,
          minmay_temple_entry_poolview, minmay_strange_pillars
D:5:      kennysheep_spiral_hall, layout_basic
D:6:      kennysheep_housing_project, layout_basic, nicolae_elevator_lobby_plus,
          uniq_eustachio
D:7:      layout_rooms
D:8:      layout_loops_corners, erik_lair_orcish_takeover, grunt_ministairs_15
D:9:      lemuel_bear_cage, layout_layer_cave, old_standard_altar, david_orc_3,
          uniq_pikel
Temple:   nicolae_temple_great_sept

Skill      XL: |  1  2  3  4  5  6  7  8  9 10 11 |
---------------+----------------------------------+-----
Fighting       | 4 5 6 7 8 9 12 14 15 | 15.7
Maces & Flails | 3 4 5 6 8 10 11 | 11.3
Armour         | 6 9 |  9.9
Shields        | 6 9 |  9.8

Action                   |  1- 3 |  4- 6 |  7- 9 | 10-12 || total
-------------------------+-------+-------+-------+-------++-------
Melee: Flail             |    78 |    96 |   328 |    95 ||   597
       Headbutt          |    14 |    13 |    77 |    89 ||   193
       War axe           |       |       |       |   178 ||   178
Invok: Heroism           |       |       |       |     4 ||     4
  Use: Scroll            |       |     7 |    10 |     5 ||    22
       Potion            |       |     1 |     2 |     5 ||     8
Armor: Scale mail        |    40 |    10 |       |       ||    50
       Quicksilver drago |       |    28 |   146 |    82 ||   256
Dodge: Dodged            |    43 |    54 |   151 |   108 ||   356
Block: Buckler           |    24 |    19 |    64 |    64 ||   171

Table legend: (Time is in decaauts)
 A = Elapsed time spent in this place.
 B = Non-inter-level travel time spent in this place.
 C = Inter-level travel time spent in this place.
 D = Time resting spent in this place.
 E = Time spent auto-exploring this place.
 F = Levels seen in this place.
 G = Mean time per level.
                   A        B        C        D        E       F      G
               +--------+--------+--------+--------+--------+-----+--------+
         Total |  12639 |  12435 |    204 |   2715 |   7971 |  10 | 1263.9 |
       Dungeon |  12535 |  12340 |    195 |   2715 |   7905 |   9 | 1392.8 |
        Temple |    103 |     94 |      9 |      0 |     66 |   1 |  103.0 |
               +--------+--------+--------+--------+--------+-----+--------+

Top non-repeatable levels by time:
     D:6: 2556 daAuts
     D:9: 2212 daAuts
     D:8: 1753 daAuts
     D:7: 1418 daAuts
     D:3: 1409 daAuts
     D:5: 1250 daAuts
     D:1: 786 daAuts
     D:4: 612 daAuts
     D:2: 535 daAuts
  Temple: 103 daAuts
